General information
- name: BNet
- type: Ladder team game (AT/RT)
- host: Battle.net
- saver: BenevoIence
map: Mur'gulOasis
- players: 8
- length: 35:47
- speed: Fast
- version: 1.26 W3XP
- replay type: Public
» download(188 KB)
Players
team 1 (winner)
Po(S)eidoN- (
yellow | 26 APM | 940 actions | 35:47)
3 Blademaster
1 Wind Walk
2 Critical Strike
2 Shadow Hunter
1 Healing Wave
1 Serpent Ward
1 Far Seer
1 Feral Spirit
» actions
| Assign group hotkey | 3 | |
| Basic commands | 2 | |
| Build / train | 53 | |
| Enter build submenu | 13 | |
| Enter hero's abilities submenu | 6 | |
| Right click | 481 | |
| Select / deselect | 338 | |
| Use ability | 44 | |
940 total
» units
| Peon | 8 | |
| Grunt | 5 | |
| Shaman | 4 | |
| Tauren | 12 | |
| Troll Witch Doctor | 1 | |
30 total
» upgrades
| Melee Weapons | 2 | |
| Armor | 2 | |
| Shaman Training | 2 | |
| Pulverize | 1 | |
7 total
» buildings
| Orc Burrow | 5 | |
| Altar of Storms | 1 | |
| War Mill | 1 | |
| Barracks | 1 | |
| Voodoo Lounge | 1 | |
| Stronghold | 1 | |
| Fortress | 1 | |
| Spirit Lodge | 1 | |
| Tauren Totem | 2 | |
14 total
» build order
00:26 Orc Burrow
00:41 Altar of Storms
00:56 War Mill
01:39 Barracks
01:50 Orc Burrow
03:25 Voodoo Lounge
03:44 Orc Burrow
05:19 Stronghold
06:15 Orc Burrow
07:16 Orc Burrow
07:53 Fortress
07:56 Spirit Lodge
10:23 Tauren Totem
10:30 Tauren Totem
» items
| Healing Salve | 2 | |
| Scroll of Town Portal | 1 | |
| Potion of Healing | 1 | |
| Potion of Mana | 1 | |
5 total
GorgeousTwink. (
green | 45 APM | 995 actions | 22:01)
4 Priestess of the Moon
2 Trueshot Aura
2 Searing Arrows
» actions
| Assign group hotkey | 8 | |
| Basic commands | 34 | |
| Build / train | 50 | |
| Enter build submenu | 23 | |
| Enter hero's abilities submenu | 4 | |
| Remove unit from queue | 3 | |
| Right click | 593 | |
| Select / deselect | 229 | |
| Select group hotkey | 14 | |
| Use ability | 36 | |
995 total
» units
| Wisp | 17 | |
| Hippogryph | 11 | |
| Chimaera | 6 | |
34 total
» upgrades
| Strength of the Wild | 2 | |
| Reinforced Hides | 2 | |
| Corrosive Breath | 1 | |
| Well Spring | 1 | |
6 total
» buildings
| Altar of Elders | 1 | |
| Moon Well | 8 | |
| Tree of Ages | 2 | |
| Ancient of Wonders | 1 | |
| Hunter's Hall | 1 | |
| Ancient of Wind | 1 | |
| Tree of Eternity | 1 | |
| Chimaera Roost | 3 | |
| Tree of Life | 3 | |
| Ancient Protector | 1 | |
22 total
» build order
00:29 Altar of Elders
00:45 Moon Well
02:12 Moon Well
02:20 Tree of Ages
02:20 Tree of Ages
02:38 Ancient of Wonders
03:00 Moon Well
03:15 Hunter's Hall
04:13 Moon Well
04:48 Ancient of Wind
05:29 Tree of Eternity
05:45 Moon Well
07:21 Moon Well
08:49 Chimaera Roost
08:51 Chimaera Roost
08:58 Chimaera Roost
09:19 Moon Well
09:27 Tree of Life
10:26 Moon Well
13:05 Tree of Life
15:33 Ancient Protector
17:57 Tree of Life
tank_guy_boom (
blue | 54 APM | 1937 actions | 35:47)
8 Archmage
2 Summon Water Elemental
3 Brilliance Aura
2 Blizzard
1 Mass Teleport
» actions
| Assign group hotkey | 31 | |
| Basic commands | 75 | |
| Build / train | 72 | |
| Enter build submenu | 19 | |
| Enter hero's abilities submenu | 8 | |
| Give item / drop item | 6 | |
| Right click | 893 | |
| Select / deselect | 221 | |
| Select group hotkey | 526 | |
| Use ability | 86 | |
1937 total
» units
| Peasant | 9 | |
| Footman | 5 | |
| Gryphon Rider | 10 | |
24 total
» upgrades
| Masonry | 3 | |
| Lumber Harvesting | 2 | |
| Swords | 2 | |
| Animal War Training | 1 | |
| Armor | 2 | |
| Storm Hammers | 1 | |
11 total
» buildings
| Altar of Kings | 1 | |
| Barracks | 1 | |
| Farm | 10 | |
| Scout Tower | 12 | |
| Arcane Vault | 1 | |
| Arcane Tower | 1 | |
| Lumber Mill | 1 | |
| Keep | 2 | |
| Blacksmith | 1 | |
| Guard Tower | 4 | |
| Castle | 1 | |
| Gryphon Aviary | 2 | |
| Town Hall | 1 | |
38 total
» build order
00:07 Altar of Kings
00:21 Barracks
00:36 Farm
00:50 Farm
01:34 Farm
01:39 Scout Tower
02:03 Arcane Vault
02:23 Arcane Tower
02:50 Lumber Mill
03:25 Keep
03:26 Keep
03:31 Farm
04:49 Scout Tower
04:49 Scout Tower
04:49 Scout Tower
04:50 Scout Tower
04:50 Scout Tower
05:16 Blacksmith
05:52 Guard Tower
05:57 Guard Tower
06:30 Castle
07:09 Gryphon Aviary
07:10 Gryphon Aviary
07:17 Farm
07:18 Farm
07:18 Farm
07:19 Farm
07:19 Farm
09:39 Town Hall
11:29 Scout Tower
11:29 Scout Tower
12:08 Guard Tower
12:26 Farm
13:58 Scout Tower
13:59 Scout Tower
13:59 Scout Tower
14:46 Guard Tower
» items
| Scroll of Regeneration | 2 | |
| Lesser Clarity Potion | 1 | |
| Staff of Teleportation | 1 | |
| Healing Salve | 1 | |
| Tome of Retraining | 1 | |
| Potion of Healing | 2 | |
| Scroll of Town Portal | 3 | |
| Mechanical Critter | 3 | |
14 total

»
klinsibayern (
pink | 67 APM | 1363 actions | 20:28)
4 Archmage
2 Summon Water Elemental
2 Brilliance Aura
2 Mountain King
1 Storm Bolt
1 Bash
2 Paladin
1 Holy Light
1 Divine Shield
» actions
| Assign group hotkey | 29 | |
| Basic commands | 32 | |
| Build / train | 63 | |
| Enter build submenu | 22 | |
| Enter hero's abilities submenu | 8 | |
| Give item / drop item | 1 | |
| Right click | 460 | |
| Select / deselect | 379 | |
| Select group hotkey | 286 | |
| Use ability | 83 | |
1363 total
» units
| Peasant | 8 | |
| Footman | 6 | |
| Sorceress | 5 | |
| Rifleman | 9 | |
| Mortar Team | 4 | |
32 total
» upgrades
| Defend | 1 | |
| Masonry | 1 | |
| Lumber Harvesting | 2 | |
| Gunpowder | 2 | |
| Plating | 1 | |
| Magic Sentry | 1 | |
| Long Rifles | 1 | |
| Flare | 1 | |
| Fragmentation Shards | 1 | |
11 total
» buildings
| Altar of Kings | 1 | |
| Farm | 11 | |
| Barracks | 1 | |
| Scout Tower | 2 | |
| Arcane Vault | 1 | |
| Lumber Mill | 1 | |
| Keep | 1 | |
| Castle | 1 | |
| Arcane Tower | 1 | |
| Arcane Sanctum | 1 | |
| Blacksmith | 1 | |
| Workshop | 1 | |
23 total
» build order
00:16 Altar of Kings
00:24 Farm
00:27 Barracks
01:38 Farm
01:48 Scout Tower
02:21 Farm
02:34 Arcane Vault
02:58 Farm
03:27 Lumber Mill
04:09 Keep
06:40 Castle
06:42 Arcane Tower
06:46 Scout Tower
06:48 Arcane Sanctum
06:52 Blacksmith
11:08 Farm
11:17 Workshop
11:47 Farm
11:52 Farm
12:25 Farm
12:30 Farm
13:06 Farm
14:26 Farm
» items
| Scroll of Regeneration | 3 | |
| Scroll of Town Portal | 1 | |
| Staff of Sanctuary | 2 | |
6 total
team 2 (loser)
AntonioHandsome (
red | 19 APM | 415 actions | 21:31)
4 Blademaster
2 Wind Walk
2 Critical Strike
» actions
| Assign group hotkey | 2 | |
| Build / train | 53 | |
| ESC pressed | 1 | |
| Enter build submenu | 25 | |
| Enter hero's abilities submenu | 4 | |
| Give item / drop item | 4 | |
| Remove unit from queue | 2 | |
| Right click | 153 | |
| Select / deselect | 137 | |
| Select group hotkey | 4 | |
| Use ability | 30 | |
415 total
» units
» upgrades
| Ranged Weapons | 3 | |
| Armor | 4 | |
| Envenomed Spears | 1 | |
8 total
» buildings
| Orc Burrow | 6 | |
| Altar of Storms | 1 | |
| War Mill | 1 | |
| Stronghold | 1 | |
| Watch Tower | 11 | |
| Voodoo Lounge | 2 | |
| Fortress | 1 | |
| Beastiary | 1 | |
24 total
» build order
00:29 Orc Burrow
00:40 Altar of Storms
01:36 Orc Burrow
01:43 War Mill
03:16 Stronghold
03:26 Watch Tower
03:39 Voodoo Lounge
03:45 Voodoo Lounge
04:03 Watch Tower
04:13 Watch Tower
04:54 Orc Burrow
05:40 Fortress
05:46 Beastiary
08:25 Orc Burrow
09:28 Orc Burrow
12:11 Orc Burrow
14:33 Watch Tower
14:39 Watch Tower
15:10 Watch Tower
15:47 Watch Tower
15:52 Watch Tower
16:00 Watch Tower
16:15 Watch Tower
16:26 Watch Tower
» items
| Healing Salve | 1 | |
| Periapt of Vitality | 1 | |
| Boots of Speed | 1 | |
| Orb of Lightning | 1 | |
4 total
BenevoIence (
purple | 80 APM | 2861 actions | 35:47)
7 Blademaster
3 Wind Walk
3 Critical Strike
1 Bladestorm
» actions
| Assign group hotkey | 57 | |
| Basic commands | 101 | |
| Build / train | 101 | |
| ESC pressed | 1 | |
| Enter build submenu | 41 | |
| Enter hero's abilities submenu | 7 | |
| Give item / drop item | 13 | |
| Remove unit from queue | 3 | |
| Right click | 1208 | |
| Select / deselect | 287 | |
| Select group hotkey | 830 | |
| Use ability | 212 | |
2861 total
» units
» upgrades
| Armor | 3 | |
| Berserker Strength | 1 | |
| Ranged Weapons | 3 | |
| Reinforced Defenses | 1 | |
| Pillage | 1 | |
| Envenomed Spears | 1 | |
| Spiked Barricades | 3 | |
| Liquid Fire | 1 | |
14 total
» buildings
| Altar of Storms | 1 | |
| Orc Burrow | 5 | |
| Barracks | 1 | |
| Voodoo Lounge | 3 | |
| Stronghold | 3 | |
| War Mill | 1 | |
| Beastiary | 4 | |
| Great Hall | 1 | |
| Watch Tower | 19 | |
| Fortress | 4 | |
42 total
» build order
00:05 Altar of Storms
00:06 Orc Burrow
00:23 Barracks
01:40 Orc Burrow
02:38 Voodoo Lounge
03:43 Stronghold
03:43 Stronghold
04:06 War Mill
06:15 Beastiary
06:22 Beastiary
06:44 Orc Burrow
06:50 Orc Burrow
07:59 Orc Burrow
11:42 Great Hall
11:44 Watch Tower
11:45 Watch Tower
11:48 Fortress
11:48 Fortress
11:49 Fortress
12:02 Watch Tower
12:05 Watch Tower
14:13 Watch Tower
14:14 Watch Tower
14:41 Voodoo Lounge
15:45 Watch Tower
15:48 Watch Tower
17:46 Watch Tower
17:48 Watch Tower
17:51 Watch Tower
20:29 Voodoo Lounge
21:28 Beastiary
21:29 Beastiary
25:37 Watch Tower
25:38 Watch Tower
25:40 Watch Tower
25:41 Watch Tower
25:43 Watch Tower
25:49 Watch Tower
25:57 Watch Tower
25:59 Watch Tower
» items
| Lesser Clarity Potion | 2 | |
| Healing Salve | 5 | |
| Boots of Speed | 1 | |
| Periapt of Vitality | 1 | |
| Circlet of Nobility | 1 | |
| Scroll of Town Portal | 3 | |
| Potion of Healing | 5 | |
| Orb of Lightning | 1 | |
| Orb of Corruption | 1 | |
20 total
Malevolence (
teal | 58 APM | 1895 actions | 32:33)
7 Blademaster
3 Wind Walk
3 Critical Strike
1 Bladestorm
» actions
| Assign group hotkey | 34 | |
| Basic commands | 194 | |
| Build / train | 64 | |
| Enter build submenu | 41 | |
| Enter hero's abilities submenu | 7 | |
| Give item / drop item | 12 | |
| Remove unit from queue | 11 | |
| Right click | 723 | |
| Select / deselect | 332 | |
| Select group hotkey | 369 | |
| Use ability | 108 | |
1895 total
» units
| Peon | 13 | |
| Grunt | 4 | |
| Wind Rider | 4 | |
| Troll Batrider | 8 | |
29 total
» upgrades
| Ranged Weapons | 1 | |
| Armor | 1 | |
| Troll Regeneration | 1 | |
| Liquid Fire | 1 | |
4 total
» buildings
| Orc Burrow | 6 | |
| Altar of Storms | 1 | |
| Barracks | 1 | |
| Voodoo Lounge | 2 | |
| Stronghold | 1 | |
| War Mill | 2 | |
| Beastiary | 4 | |
| Watch Tower | 21 | |
| Great Hall | 3 | |
| Fortress | 1 | |
42 total
» build order
00:13 Orc Burrow
00:52 Altar of Storms
00:56 Barracks
01:06 Orc Burrow
01:40 Voodoo Lounge
03:08 Stronghold
03:57 Orc Burrow
04:58 War Mill
06:22 Beastiary
06:24 Beastiary
06:28 Orc Burrow
07:40 Watch Tower
07:41 Watch Tower
07:41 Watch Tower
11:01 Great Hall
11:04 Watch Tower
11:04 Watch Tower
11:04 Watch Tower
11:05 Watch Tower
12:34 Watch Tower
12:35 Watch Tower
12:35 Watch Tower
12:37 Watch Tower
12:50 Watch Tower
14:23 Fortress
15:40 Great Hall
15:42 Watch Tower
15:42 Watch Tower
15:43 Voodoo Lounge
15:46 Watch Tower
15:48 Watch Tower
15:50 Watch Tower
17:47 Beastiary
17:48 Beastiary
19:29 Orc Burrow
19:32 Orc Burrow
22:02 Great Hall
22:05 Watch Tower
22:06 Watch Tower
22:06 Watch Tower
22:06 Watch Tower
23:03 War Mill
» items
| Healing Salve | 5 | |
| Boots of Speed | 1 | |
| Scroll of Town Portal | 2 | |
| Orb of Lightning | 1 | |
| Lesser Clarity Potion | 1 | |
10 total
SmUrF (
orange | 13 APM | 466 actions | 35:23)
6 Crypt Lord
2 Impale
3 Spiked Carapace
1 Locust Swarm
» actions
| Basic commands | 110 | |
| Build / train | 67 | |
| Enter build submenu | 18 | |
| Enter hero's abilities submenu | 6 | |
| Right click | 2 | |
| Select / deselect | 187 | |
| Use ability | 76 | |
466 total
» units
| Acolyte | 6 | |
| Ghoul | 3 | |
| Crypt Fiend | 19 | |
| Abomination | 2 | |
| Obsidian Statue | 2 | |
| Gargoyle | 3 | |
35 total
» upgrades
| Creature Attack | 2 | |
| Creature Carapace | 2 | |
| Web | 1 | |
| Burrow | 1 | |
| Unholy Strength | 1 | |
| Destroyer Form | 1 | |
8 total
» buildings
| Crypt | 2 | |
| Altar of Darkness | 1 | |
| Ziggurat | 6 | |
| Graveyard | 1 | |
| Tomb of Relics | 1 | |
| Spirit Tower | 5 | |
| Halls of the Dead | 1 | |
| Necropolis | 2 | |
| Black Citadel | 1 | |
| Sacrificial Pit | 1 | |
| Slaughterhouse | 1 | |
22 total
» build order
01:04 Crypt
01:08 Altar of Darkness
01:11 Ziggurat
01:15 Graveyard
01:24 Tomb of Relics
01:35 Ziggurat
02:33 Crypt
02:40 Ziggurat
04:20 Spirit Tower
04:34 Spirit Tower
06:36 Halls of the Dead
08:44 Necropolis
08:51 Ziggurat
08:55 Ziggurat
11:11 Black Citadel
14:25 Sacrificial Pit
14:30 Slaughterhouse
14:33 Ziggurat
21:27 Necropolis
22:55 Spirit Tower
23:07 Spirit Tower
23:11 Spirit Tower
» items
| Rod of Necromancy | 1 | |
| Scroll of Town Portal | 2 | |
| Potion of Healing | 4 | |
| Orb of Corruption | 1 | |
| Scroll of Healing | 2 | |
10 total
Chat log
(00:12 / All) AntonioHandsome: rush
(00:14 / All) tank_guy_boom: aint nothing but a g thang
(00:54 / All) tank_guy_boom: out
(01:13 / All) GorgeousTwink.: hey whats going on guys
(01:15 / All) GorgeousTwink.: glhf
(01:16 / All) tank_guy_boom: red are u a spic
(01:21 / All) tank_guy_boom: u have a spic name
(01:29 / All) AntonioHandsome: I mow lawns for lyfe
(01:50 / All) tank_guy_boom: my dream job is to work at gamestop
(01:55 / All) tank_guy_boom: and meet hotmoms
(02:10 / All) Po(S)eidoN-: yeah that's would be so gooood
(02:11 / All) SmUrF: hmmmm, I think you be in the wrong place
(02:23 / All) GorgeousTwink.: are you talking to me ?
(02:24 / All) AntonioHandsome: shutup niggers
(02:39 / All) Malevolence: typical vain faggot
(02:40 / All) Po(S)eidoN-: Naggers*
(02:46 / All) GorgeousTwink.: vein*
(02:50 / All) Malevolence: like an attention starved woman
(03:02 / All) Malevolence: vain*
(03:03 / All) BenevoIence: He thinks vain and vein are the same words
(03:10 / All) BenevoIence: lmao
(05:46 / All) tank_guy_boom: wuts ur guys favorite batman movie
(06:01 / All) Malevolence: I like Batman Begins best
(06:16 / All) Malevolence: but all Nolan Batmans are 9.5-10/10
(06:21 / All) klinsibayern: i like darkknight
(06:32 / All) Po(S)eidoN-: tim burton's bats is better
(08:40 / All) BenevoIence: oh
(08:42 / All) BenevoIence: I didn't see that ward
(09:55 / Allies) AntonioHandsome: oj wait
(10:47 / Allies) Malevolence: thanks spic
(10:49 / Allies) Malevolence: didn't need your helpo
(10:55 / Allies) Malevolence: thanks for taking exp and item
(11:35 / Allies) BenevoIence: move
(11:38 / Allies) AntonioHandsome: they're gonna attack me next
(14:42 / All) tank_guy_boom: mh teal?
(15:57 / Allies) Malevolence: lumber
(16:57 / Allies) Malevolence: tp
(18:24 / All) GorgeousTwink.: blue tker
(18:26 / All) GorgeousTwink.: KILL blue
(18:49 / All) GorgeousTwink.: KILL BLUE
(18:53 / All) BenevoIence: fucking critical luck bm battles
(18:58 / All) BenevoIence: That was gay
(19:27 / All) Po(S)eidoN-: blue is tkking
(19:34 / All) Po(S)eidoN-: blue fucker
(19:38 / Allies) Malevolence: gold
(19:40 / All) Po(S)eidoN-: blues tked me
(19:56 / All) Po(S)eidoN-: fucking reatrded blue
(20:25 / All) Po(S)eidoN-: it don't materrrrr
(20:32 / All) GorgeousTwink.: alright gg guys :)
(20:33 / All) Po(S)eidoN-: because wc3 is funnnn
(20:37 / All) Po(S)eidoN-: gg guys :)
(20:44 / All) BenevoIence: :)
(20:46 / All) Po(S)eidoN-: i'll stick aroundddd
(20:51 / All) Po(S)eidoN-: but afk
(20:54 / All) Po(S)eidoN-: lol ^^
(21:01 / All) tank_guy_boom: RAPED
(21:03 / All) GorgeousTwink.: For the record
(21:14 / All) tank_guy_boom: for the record u suck lol
(21:26 / All) Po(S)eidoN-: no blue your no fun
(21:34 / All) Po(S)eidoN-: lol red <3
(21:49 / All) Po(S)eidoN-: well i'm going afk
(22:11 / All) tank_guy_boom: green is a paranoid nigger lol
(22:19 / All) BenevoIence: wtf
(22:21 / All) BenevoIence: everyone just leaving
(22:23 / All) Malevolence: his shit was doomed anyway
(22:31 / Allies) BenevoIence: wood
(22:45 / Allies) BenevoIence: ty orange
(22:49 / Allies) BenevoIence: You are an excellent ally
(24:56 / All) tank_guy_boom: how the hell did he know i sniped off 1 of his chims
(25:08 / Allies) Malevolence: should have said it was accident lawl
(25:13 / All) Po(S)eidoN-: no clue
(25:13 / Allies) Malevolence: from a move
(25:19 / All) Malevolence: should have said it was accident
(25:21 / All) Malevolence: from a move
(25:33 / All) tank_guy_boom: he told yellow he was gona tk anyways
(25:38 / All) tank_guy_boom: tk me
(25:48 / All) Po(S)eidoN-: well he said he tryed
(25:54 / All) Po(S)eidoN-: then provoked you
(25:58 / All) tank_guy_boom: wut a paranoid cry baby
(26:06 / All) Po(S)eidoN-: I don't think he likes this game
(26:14 / Allies) SmUrF: why tal
(26:17 / Allies) SmUrF: teal
(26:32 / All) tank_guy_boom: oj 390-410
(26:40 / All) Po(S)eidoN-: dude that was my only unit
(26:52 / All) SmUrF: you can read
(26:58 / All) SmUrF: great for you
(27:02 / All) tank_guy_boom: 81-81 yel
(27:26 / All) Po(S)eidoN-: literature is that how you spell it?
(27:50 / All) tank_guy_boom: wut
(27:57 / All) Po(S)eidoN-: double D's dude
(28:24 / All) Po(S)eidoN-: want to see a drunk dick face guys?
(28:37 / All) Po(S)eidoN-: 8_=D
(28:37 / All) tank_guy_boom: wut is that
(28:39 / All) BenevoIence: How the hell does adding big metal plates to watch towers even help them that much?
(28:41 / All) Po(S)eidoN-: haha
(28:46 / All) BenevoIence: They could still burn
(29:00 / All) Po(S)eidoN-: drunk dick face 8_=D
(29:07 / All) Malevolence: it should help them vs siege
(29:12 / All) Malevolence: but it makes them worse vs siege
(29:28 / All) Po(S)eidoN-: dude save me a peon atleast
(29:37 / All) tank_guy_boom: ill save u 2 critters
(29:42 / All) Po(S)eidoN-: I don't want t be left with buildings when your gone
(30:05 / All) Malevolence: if they had attacked my base they would have pulverized me
(30:13 / All) Po(S)eidoN-: stand off till diconnected is great
(30:17 / All) tank_guy_boom: lol
(30:21 / All) tank_guy_boom: yellow knows the score
(30:30 / All) Po(S)eidoN-: yeah I'm afraid so
(30:37 / All) tank_guy_boom: been victimized before eh?
(30:42 / All) Po(S)eidoN-: yes
(30:45 / All) Po(S)eidoN-: 4 hrs
(30:52 / All) tank_guy_boom: was it us?
(30:54 / All) Po(S)eidoN-: just so I can see who wins
(31:02 / All) Po(S)eidoN-: some other players
(31:02 / All) tank_guy_boom: its gonna be u vs oj
(31:06 / All) tank_guy_boom: could be us
(31:10 / All) tank_guy_boom: wut yr?
(31:10 / All) Po(S)eidoN-: ahh
(31:13 / All) tank_guy_boom: we have archives
(31:15 / All) tank_guy_boom: i can find it
(31:17 / All) tank_guy_boom: this acct?
(31:19 / All) tank_guy_boom: of urs?
(31:27 / All) Po(S)eidoN-: no some random ones
(31:36 / All) Po(S)eidoN-: on golems mist
(31:38 / All) tank_guy_boom: remember wut map and how long ago?
(31:47 / All) tank_guy_boom: okay golems
(31:47 / All) Po(S)eidoN-: like 2 weeks ago
(31:51 / All) tank_guy_boom: lawl
(31:57 / All) tank_guy_boom: rod i think he was in oru game
(32:03 / All) Po(S)eidoN-: i was on smurf acct though
(32:07 / All) tank_guy_boom: wut was it
(32:14 / All) Po(S)eidoN-: playerpink
(32:19 / All) tank_guy_boom: 1 eye jack?
(32:21 / All) tank_guy_boom: was he in game
(32:23 / All) Po(S)eidoN-: or pinkplayer
(32:28 / All) Po(S)eidoN-: no don't think
(32:30 / All) Malevolence: ADSSFJH$TJ#@JG THAT'S ALL FOLKS
(32:31 / All) tank_guy_boom: umm
(32:44 / All) BenevoIence: LET IT BEGIN, LET IT BEGIN!
(32:47 / All) BenevoIence: GOOD LUCK EVERYONE!
(32:55 / All) Po(S)eidoN-: I cant remember
(33:05 / All) Po(S)eidoN-: fuck wish I knew
(33:10 / All) tank_guy_boom: (24:44 / All) Playerpink: shes sweetheart(24:56 / All) Playerpink: ^^ gg
(33:12 / All) tank_guy_boom: yes
(33:13 / All) tank_guy_boom: u were in it
(33:16 / All) Po(S)eidoN-: yeah
(33:24 / All) Po(S)eidoN-: thats it
(33:30 / All) tank_guy_boom: oh
(33:32 / All) tank_guy_boom: u mentioned
(33:34 / All) tank_guy_boom: walking dead
(33:38 / All) Po(S)eidoN-: yeah hahaha
(33:39 / All) tank_guy_boom: i said rick was most annoying character
(33:46 / All) Po(S)eidoN-: rofl yeah
(34:03 / All) tank_guy_boom: yes it only lasted 4 horus
(34:03 / All) Po(S)eidoN-: fuck I was more excited to see who will win
(34:06 / All) BenevoIence: Orange can research ensnare and level 1 melee upgrades
(34:10 / All) tank_guy_boom: u got ursel fa frog
(34:18 / All) tank_guy_boom: 0/0?
(34:32 / All) Po(S)eidoN-: where is the frog??
(34:46 / All) Po(S)eidoN-: oh great
(34:55 / All) Po(S)eidoN-: something to play with
(35:00 / All) tank_guy_boom: lol
(35:03 / All) BenevoIence: You can run around the murlocs and zoom in at them and look at them real close
(35:09 / All) tank_guy_boom: we'll whisper u 2 otmorrow if its still going on
(35:14 / All) Po(S)eidoN-: yeah
(35:17 / All) tank_guy_boom: 3 weeks ago we had a 20 hour standoff
(35:24 / All) Po(S)eidoN-: ill go shower
(35:26 / All) BenevoIence: welp
(35:32 / All) tank_guy_boom: well u get a free win
(35:33 / All) Po(S)eidoN-: i was working out last time rofl
(35:35 / All) tank_guy_boom: good work
(35:37 / All) Po(S)eidoN-: oh fuck nice
(35:45 / All) tank_guy_boom: enjoy sir
(35:47 / All) Po(S)eidoN-: thanks lol